 Dungeon Crawl Stone Soup version 0.29.1-14-g9c671dbff4 (webtiles) character file.

Game seed: 7508209382046896489

3215 H0rd4k the Martial Artist (level 9, -1/64 HPs)
             Began as an Octopode Artificer on Feb 14, 2023.
             Shot with an arrow by a centaur (7 damage)
             ... on level 8 of the Dungeon on Feb 15, 2023.
             The game lasted 00:13:58 (6573 turns).

H0rd4k the Martial Artist (Octopode Artificer)      Turns: 6573, Time: 00:13:59

Health: -1/64      AC:  1    Str: 11    XL:     9   Next: 97%
Magic:  16/16      EV: 13    Int: 17    God:
Gold:   497        SH:  0    Dex: 13    Spells: 18/18 levels left

rFire   . . .      SeeInvis .     - Unarmed
rCold   . . .      Faith    .   (no shield)
rNeg    . . .      Spirit   .   (helmet restricted)
rPois   +          Reflect  .   e - amulet of regeneration
rElec   .          Harm     .   v - ring of flight
rCorr   .          Rampage  .   c - ring of poison resistance
Will    .....                   (no ring)
Stlth   +++.......              (no ring)
HPRegen 1.00/turn               (no ring)
MPRegen 0.15/turn               (no ring)
                                (no ring)
                                (no ring)

@: flying
A: almost no armour, amphibious, 8 rings, camouflage 1, gelatinous body 1,
(nimble swimmer 1), tentacles
a: no special abilities


You were on level 8 of the Dungeon.
You visited 2 branches of the dungeon, and saw 9 of its levels.

You collected 497 gold pieces.

Inventory:

Magical Staves
 q - a staff of conjuration
Jewellery
 c - a ring of poison resistance (right tentacle)
 e - an amulet of regeneration (around mantle)
 v - a ring of flight (left tentacle)
Scrolls
 a - a scroll of silence {unknown}
 b - a scroll of enchant weapon {unknown}
 f - 4 scrolls of blinking
 i - 3 scrolls of poison
 j - a scroll of vulnerability
 l - 2 scrolls of immolation {unknown}
 m - a scroll of fog
 s - a scroll of enchant armour {unknown}
 u - 2 scrolls of amnesia
Potions
 k - 3 potions of flight
 x - a potion of resistance
 A - a potion of attraction {unknown}
 B - a potion of berserk rage {unknown}


   Skills:
 * Level 7.6 Fighting
 + Level 1.6 Throwing
 - Level 2.3 Dodging
 - Level 1.3 Stealth
 + Level 9.5 Unarmed Combat
 * Level 5.1 Spellcasting
 - Level 3.2 Evocations


You had 18 spell levels left.
You didn't know any spells.
Your spell library contained the following spells:

 Spells                   Type           Power      Damage    Failure   Level
 Foxfire                  Conj/Fire      16%        2x1d4     14%         1
 Scorch                   Fire           8%         2d5       22%         2
 Conjure Flame            Conj/Fire      4%         6-21      38%         3
 Ignite Poison            Fire/Tmut/Pois 4%         N/A       38%         3
 Inner Flame              Hex/Fire       4%         N/A       38%         3
 Mephitic Cloud           Conj/Pois/Air  4%         N/A       38%         3
 Ozocubu's Armour         Ice            4%         N/A       38%         3
 Flame Wave               Conj/Fire      4%         2d5       80%         4
 Sticky Flame             Conj/Fire      4%         2d3       80%         4
 Freezing Cloud           Conj/Ice/Air   2%         6-21      98%         5
 Summon Cactus Giant      Summ           2%         N/A       100%        6
 Ozocubu's Refrigeration  Ice            2%         4d7       100%        7


Dungeon Overview and Level Annotations

Branches:
Dungeon (8/15)             Temple (1/1) D:4
   Lair: D:8-11

Altars:
Ashenzari
Cheibriados
Dithmenos
Fedhas
Hepliaklqana
Nemelex Xobeh
Okawaru
Qazlal
Vehumet
Wu Jian
Xom
Yredelemnul
Zin

Annotations:
D:3 1 exclusion
D:4 3 runed translucent doors, exclusion: 3 doors, Ayven's ghost, amateur DrTm
D:5 exclusion: shadow
D:6 exclusion: 2 downstairs
D:7 exclusions: hydra and manticore, Maggie
D:8 exclusion: upstairs


Innate Abilities, Weirdness & Mutations

You cannot wear most types of armour.
You are amphibious.
You can wear up to eight rings at the same time.
Your skin changes colour to match your surroundings (Stealth+).
Your rubbery body absorbs attacks. (AC +1, EV +1)
((You are camouflaged when in or above water. (Stealth+)))
You have tentacles for arms and can constrict up to eight enemies at once.


Message History

The centaur unwields a +0 shortbow.
The centaur completely misses you.
The centaur kicks you but does no damage.
You tentacle-slap the centaur. Your squeeze misses the centaur.
The centaur is moderately wounded.
The centaur barely misses you. The centaur closely misses you.
You bludgeon the centaur!
You kill the centaur!
You see here a +0 shortbow.
HP restored.
a - a scroll labelled YRIBLE XASHRUGHIH
Things that are here:
a +0 falchion; a +0 leather armour You see here 14 gold pieces.
You see here a book of Flames.
You pick up a book of Flames and begin reading...
You add the spells Foxfire and Inner Flame to your library.
You see here 14 gold pieces.
The gnoll shouts!
There are no items here.
You see here 14 gold pieces.
You now have 497 gold pieces (gained 14).
The gnoll hits you from afar with a +0 halberd!
The gnoll completely misses you.
The gnoll sergeant shouts!
You bludgeon the gnoll! You grab the gnoll. You squeeze the gnoll.
You kill the gnoll!
The centaur shoots an arrow.
The arrow hits you. The arrow burns you.
The centaur shoots an arrow.
The arrow hits you. The arrow burns you.
There is a stone staircase leading up here.
The centaur shoots an arrow.
The arrow misses you.
Things that are here:
a +0 club; an orc skeleton The centaur shoots an arrow.
The arrow hits you! The arrow burns you.
The centaur shoots an arrow.
The arrow hits you! The arrow burns you.
Things that are here:
a +0 club; an orc skeleton The centaur shoots an arrow.
The arrow hits you!
* * * LOW HITPOINT WARNING * * *
The arrow burns you!
You die...

#######o...#.#
.............###
#####..........#
...##)#.#.##.#.#
...##.#.#.##.#.#########
#..................)..YY
#...#.#....#.#.#.#.####
#...#)#....#.#.#)#
#...#.#....#.#.#@#.####
#<..#...........).......
.............#c###.#####
.....##....###.# .#
........#...##.###.#
##.........).c.....#
######.#.#.########
##...## ##.##


You could see a centaur.

Vanquished Creatures
  Pikel (D:4)
  A steam dragon (D:8)
  Menkaure (D:4)
  A water moccasin (D:5)
  A sky beast (D:6)
  2 black bears
  3 ogres
  An orc warrior (D:8)
  4 centaurs
  3 phantoms (D:5)
  3 necrophages (D:5)
  A bullfrog (D:7)
  3 scorpions (D:5)
  A jelly (D:6)
  5 orc priests
  4 hounds
  5 iguanas
  5 orc wizards
  11 adders
  7 gnolls
  2 white imps
  An ufetubus (D:4)
  3 dart slugs
  18 orcs
  3 ball pythons
  2 bats (D:1)
  5 endoplasms
  3 giant cockroaches
  6 goblins
  7 hobgoblins
  7 jackals
  3 quokkas
  4 frilled lizards
  7 kobolds
  3 rats
137 creatures vanquished.

Vanquished Creatures (collateral kills)
  An orc wizard (D:4)
  2 gnolls (D:4)
  3 orcs
  A rat (D:3)
7 creatures vanquished.

Vanquished Creatures (others)
  A scorpion (D:4)
  A gnoll (D:4)
  2 orcs (D:3)
  A hobgoblin (D:1)
  A frilled lizard (D:1)
  A fungus (D:4)
  5 plants (D:4)
  6 toadstools (D:8)
18 creatures vanquished.

Grand Total: 162 creatures vanquished

Notes
Turn   | Place    | Note
-------+----------+-------------------------------------------
     0 | D:1      | H0rd4k the Octopode Artificer began the quest for the Orb.
     0 | D:1      | Reached XP level 1. HP: 13/13 MP: 1/1
    49 | D:1      | Reached XP level 2. HP: 8/18 MP: 1/3
   282 | D:1      | Reached skill level 1 in Spellcasting
   812 | D:1      | Reached XP level 3. HP: 24/24 MP: 4/4
  1034 | D:2      | Found a faded altar of an unknown god.
  1156 | D:2      | Reached skill level 1 in Unarmed Combat
  1782 | D:3      | Reached XP level 4. HP: 27/30 MP: 6/6
  2128 | D:3      | Found a glowing silver altar of Zin.
  2421 | D:4      | Noticed a black bear
  2427 | D:4      | Killed a black bear
  2428 | D:4      | Reached skill level 2 in Unarmed Combat
  2428 | D:4      | Reached XP level 5. HP: 7/36 MP: 6/8
  2464 | D:4      | Found a staircase to the Ecumenical Temple.
  2480 | Temple   | Entered the Ecumenical Temple
  2586 | D:4      | Found a snail-covered altar of Cheibriados.
  2599 | D:4      | Noticed a lemure
  2599 | D:4      | Noticed Pikel
  2599 | D:4      | Noticed a lemure
  2599 | D:4      | Noticed a lemure
  2600 | D:4      | Noticed a lemure
  2650 | D:4      | Killed Pikel
  2651 | D:4      | Reached skill level 4 in Unarmed Combat
  2651 | D:4      | Reached XP level 6. HP: 21/44 MP: 8/10
  2651 | D:4      | Reached XP level 7. HP: 24/49 MP: 8/11
  2701 | D:4      | Reached skill level 5 in Unarmed Combat
  2753 | D:4      | Found a runed translucent gate.
  2754 | D:4      | Found a runed translucent gate.
  2755 | D:4      | Found a runed translucent gate.
  2758 | D:4      | Noticed Ayven's ghost (amateur DrTm)
  2894 | D:4      | Noticed Menkaure
  2915 | D:4      | Reached skill level 5 in Fighting
  2933 | D:4      | Killed Menkaure
  2934 | D:4      | Reached XP level 8. HP: 19/55 MP: 11/13
  2955 | D:4      | Reached skill level 6 in Unarmed Combat
  3260 | D:5      | Entered Level 5 of the Dungeon
  3264 | D:5      | Found a shadowy altar of Dithmenos.
  3376 | D:5      | Found a sparkling altar of Nemelex Xobeh.
  3573 | D:5      | Noticed a shadow
  3788 | D:5      | Found a shadowy altar of Dithmenos.
  3795 | D:5      | Reached skill level 7 in Unarmed Combat
  3845 | D:5      | Found a blossoming altar of Fedhas.
  4008 | D:5      | Found a stormy altar of Qazlal.
  4367 | D:5      | Reached XP level 9. HP: 38/63 MP: 15/15
  4566 | D:5      | Reached skill level 1 in Throwing
  4566 | D:5      | Reached skill level 8 in Unarmed Combat
  5569 | D:6      | Identified the +5 falchion of the Snake Pit {drain, rElec
                  | Will+ Int+2 Dex+4}
  5896 | D:7      | Noticed Maggie
  5984 | D:7      | Noticed a manticore
  6100 | D:8      | Reached skill level 9 in Unarmed Combat
  6177 | D:7      | Noticed a seven-headed hydra
  6404 | D:8      | Reached skill level 5 in Spellcasting
  6436 | D:8      | Found a radiant altar of Vehumet.
  6573 | D:8      | Shot with an arrow by a centaur

Illustrated notes

Levels and vault maps discovered:
D:1:      pf_arrival_petrified_forest, layout_rooms, minmay_misc_feat_tower
D:2:      layout_rooms, hellmonk_ecumenical_altar_zigzags,
          kennysheep_cross_bottleneck, minmay_misc_feat_rows,
          minmay_tetromino_i4
D:3:      layout_loops_corners, zin_treasury
D:4:      layout_rooms, mainiacjoe_overflow_concentric_impassable,
          minmay_temple_entry_gardened_gates, gammafunk_ghost_nasty_kobolds,
          uniq_menkaure, uniq_pikel
D:5:      minmay_chambers_of_threes, layout_basic, grunt_qazlal_clouds,
          grunt_dithmenos_shadows, mainiacjoe_overflow_24_doors,
          hangedman_feature_mirror
D:6:      layout_loops_corners
D:7:      layout_basic, gammafunk_temple_overflow_forgotten, kb_rosetta,
          uniq_maggie
D:8:      cheibrodos_fertilizer, layout_loops_ring,
          gammafunk_temple_overflow_elements, kennysheep_little_box,
          grunt_decor_one_mirror
Temple:   hellmonk_temple_two_chambers

Skill      XL: |  1  2  3  4  5  6  7  8  9 |
---------------+----------------------------+-----
Spellcasting   | 1 2 3 4 5 |  5.1
Fighting       | 2 3 4 5 6 7 |  7.6
Unarmed Combat | 1 2 4 5 7 9 |  9.5
Throwing       | 1 |  1.6
Dodging        | |  2.3
Stealth        | |  1.3
Evocations     | |  3.2

Action                   |  1- 3 |  4- 6 |  7- 9 || total
-------------------------+-------+-------+-------++-------
Melee: Unarmed           |   103 |    46 |   252 ||   401
       Constrict         |    28 |    16 |    48 ||    92
       Tentacles         |    13 |    13 |    63 ||    89
       Punch             |     2 |     3 |    17 ||    22
Throw: Dart              |       |       |    13 ||    13
Evoke: Wand              |     4 |    14 |    23 ||    41
  Use: Scroll            |       |       |    12 ||    12
       Potion            |       |       |    10 ||    10
 Stab: Sleeping          |     8 |     2 |     5 ||    15
Armor: Skin              |     7 |     2 |    54 ||    63
Dodge: Dodged            |    57 |    37 |   150 ||   244
